 Dungeon Crawl Stone Soup version 0.30-a0-1042-gacf32f4bd3 (webtiles) character file.

Game seed: 1068982610009229222

901 Querens the Shield-Bearer (level 8, -3/62 HPs)
             Began as a Formicid Fighter on Apr 9, 2023.
             Was a Follower of Okawaru.
             Slain by an ogre
             ... wielding a +0 giant spiked club
              (21 damage)
             ... on level 6 of the Dungeon.
             The game lasted 00:11:56 (3169 turns).

Querens the Shield-Bearer (Formicid Fighter)        Turns: 3169, Time: 00:11:56

Health: -3/62      AC: 13    Str: 22    XL:     8   Next: 28%
Magic:  9/9        EV:  4    Int:  9    God:    Okawaru [*.....]
Gold:   117        SH: 14    Dex: 13    Spells: 7/7 levels left

rFire   . . .      SeeInvis +    a - +0 war axe
rCold   . . .      Faith    .    w - +0 tower shield
rNeg    . . .      Spirit   .    y - +0 plate armour
rPois   .          Reflect  .    (helmet unavailable)
rElec   .          Rampage  .    (no cloak)
rCorr   .                        (no gloves)
Will    .....                    D - +0 pair of boots Stlth
                                 (no amulet)
HPRegen 0.30/turn                (no ring)
MPRegen 0.11/turn                (no ring)

@: no status effects
A: permanent stasis, dig shafts and tunnels, antennae 3, four strong arms
a: Dig, Shaft Self, Renounce Religion, Heroism


You were on level 6 of the Dungeon.
You worshipped Okawaru.
Okawaru was aware of your devotion.
You visited 2 branches of the dungeon, and saw 7 of its levels.

You collected 253 gold pieces.
You spent 136 gold pieces at shops.

Inventory:

Hand Weapons
 a - a +0 war axe (weapon)
Missiles
 C - 5 curare-tipped darts
Armour
 w - a +0 tower shield (worn)
 y - a +0 plate armour (worn)
 D - a +0 pair of boots (worn)
Jewellery
 c - a ring of ice
 n - a ring of fire
Wands
 m - a wand of iceblast (5)
 p - a wand of charming (21)
Scrolls
 f - a scroll of brand weapon
 g - 2 scrolls of amnesia
 j - a scroll of torment {unknown}
 l - a scroll of fear {unknown}
 s - a scroll of enchant armour {unknown}
 u - 2 scrolls of enchant weapon
 v - a scroll of fog {unknown}
 x - 2 scrolls of silence
Potions
 d - 4 potions of might
 e - a potion of invisibility
 h - 3 potions of curing
 k - a potion of magic
 o - 3 potions of flight
 q - a potion of attraction
 r - 3 potions of haste
 t - a potion of heal wounds
 z - a potion of lignification {unknown}
 A - a potion of mutation {unknown}
 B - a potion of ambrosia {unknown}


   Skills:
 + Level 5.3 Fighting
 * Level 5.7 Axes
 + Level 5.3 Armour
 + Level 6.4 Shields
 + Level 2.2 Invocations


You had 7 spell levels left.
You didn't know any spells.
Your spell library contained the following spells:

 Spells                   Type           Power      Damage    Failure   Level
 Apportation              Tloc           0%         N/A       100%        1
 Ensorcelled Hibernation  Hex/Ice        0%         N/A       100%        2
 Passwall                 Tmut/Erth      0%         N/A       100%        2
 Ozocubu's Armour         Ice            0%         N/A       100%        3
 Alistair's Intoxication  Tmut/Pois      0%         N/A       100%        5
 Ozocubu's Refrigeration  Ice            0%         4d7       100%        7
 Swiftness                Air            Unusable   N/A       N/A         3

Dungeon Overview and Level Annotations

Branches:
Dungeon (6/15)             Temple (1/1) D:5

Altars:
Dithmenos
Gozag
Kikubaaqudgha
Makhleb
Okawaru
Sif Muna
Vehumet
Wu Jian
Xom
Zin
The Shining One

Shops:
D:2 *


Innate Abilities, Weirdness & Mutations

You cannot be hasted, slowed, berserked, paralysed or teleported.
You can dig through walls and to a lower floor.
You have a pair of large antennae on your head. (SInv)
Your four strong arms can wield two-handed weapons with a shield.


Message History

You feel sick.
You feel sick.
You start resting.
You feel sick. x2
You are no longer poisoned.
Okay, then.
As you read the scroll labelled NORILORINYOR, it crumbles to dust.
It is a scroll of identify.
h - 3 potions of curing
As you read the scroll of identify, it crumbles to dust.
o - 3 potions of flight
As you read the scroll of identify, it crumbles to dust.
r - 3 potions of haste
As you read the scroll of identify, it crumbles to dust.
e - a potion of invisibility
As you read the scroll of identify, it crumbles to dust.
k - a potion of magic
As you read the scroll of identify, it crumbles to dust.
q - a potion of attraction
As you read the scroll of identify, it crumbles to dust.
t - a potion of heal wounds
As you read the scroll of identify, it crumbles to dust.
u - 2 scrolls of enchant weapon
As you read the scroll of identify, it crumbles to dust.
x - 2 scrolls of silence
As you read the scroll of identify, it crumbles to dust.
g - 2 scrolls of amnesia
As you read the scroll of identify, it crumbles to dust.
b - a scroll of noise
As you read the scroll of identify, it crumbles to dust.
f - a scroll of brand weapon You drop a scroll of noise.
There is a stone staircase leading up here.
There is a stone staircase leading down here.
You climb downwards.
The ogre shouts!
Found a dagger.
There is a stone staircase leading up here.
The ogre attacks as you move away!
The ogre hits you with a +0 giant spiked club!!
You die...

#..............
#..............
#..............
#.............
#............
#............
#...........
#..O@..).^..
##..........
##.........
..........
#..........
#####......
...... #.....


You could see an ogre.

Vanquished Creatures
  A black bear (D:5)
  A gnoll sergeant (D:5)
  A scorpion (D:5)
  5 killer bees
  A hound (D:3)
  A jelly (D:5)
  4 iguanas
  An orc wizard (D:5)
  2 sleepcaps (D:4)
  5 gnolls (D:5)
  10 adders
  2 white imps (D:5)
  3 ufetubi (D:5)
  3 worms
  A dart slug (D:5)
  3 orcs (D:5)
  3 ball pythons
  4 bats
  6 endoplasms
  5 giant cockroaches
  3 hobgoblins
  4 jackals (D:4)
  5 quokkas
  4 frilled lizards
  4 goblins
  6 kobolds
  7 rats
95 creatures vanquished.

Notes
Turn   | Place    | Note
-------+----------+-------------------------------------------
     0 | D:1      | Querens the Formicid Fighter began the quest for the Orb.
     0 | D:1      | Reached XP level 1. HP: 18/18 MP: 1/1
   510 | D:1      | Reached XP level 2. HP: 24/24 MP: 2/2
   724 | D:2      | Reached XP level 3. HP: 18/29 MP: 3/3
   822 | D:2      | Found an opulent altar of Gozag.
  1028 | D:2      | Reached XP level 4. HP: 26/37 MP: 4/4
  1260 | D:2      | Found Fugruxta's Assorted Antiques.
  1266 | D:2      | Bought a scroll labelled NORILORINYOR for 29 gold pieces
  1266 | D:2      | Bought a purple potion for 26 gold pieces
  1266 | D:2      | Bought a scroll labelled NORILORINYOR for 29 gold pieces
  1266 | D:2      | Bought a sedimented silvery potion for 26 gold pieces
  1266 | D:2      | Bought a purple potion for 26 gold pieces
  1344 | D:3      | Reached XP level 5. HP: 36/42 MP: 5/5
  1949 | D:4      | Reached skill level 5 in Shields
  1961 | D:4      | Found an iron altar of Okawaru.
  1968 | D:4      | Became a worshipper of Warmaster Okawaru
  1972 | D:4      | Reached XP level 6. HP: 42/48 MP: 6/6
  2385 | D:5      | Entered Level 5 of the Dungeon
  2401 | D:5      | Noticed a black bear
  2411 | D:5      | Killed a black bear
  2459 | D:4      | Reached * piety under Okawaru
  2460 | D:4      | Reached XP level 7. HP: 24/55 MP: 7/7
  2536 | D:5      | Found a staircase to the Ecumenical Temple.
  2545 | Temple   | Entered the Ecumenical Temple
  2651 | D:5      | Reached skill level 5 in Axes
  2678 | D:5      | Reached skill level 1 in Invocations
  2722 | D:5      | Reached skill level 5 in Fighting
  2722 | D:5      | Reached skill level 5 in Armour
  2794 | D:5      | Reached skill level 6 in Shields
  3100 | D:5      | Reached XP level 8. HP: 62/62 MP: 9/9
  3169 | D:6      | Slain by an ogre

Illustrated notes

Levels and vault maps discovered:
D:1:      dpeg_arrival_radiant, layout_loops_ring, minmay_misc_feat_enclosed,
          minmay_tiny_reverse_x
D:2:      layout_loops_ring, serial_shops, shop, basic_altar,
          kennysheep_small_spiral, grunt_ministairs_8, minmay_stone_trees_medium
D:3:      layout_loops_cross
D:4:      layout_loops_ring, okawaru_metal_pillars_3, kennysheep_nub
D:5:      layout_loops_ring, minmay_temple_entry_large_hall
D:6:      layout_cave_pods, minitemple, mainiacjoe_overflow_boulevard,
          ebering_ghost_xom, minmay_shop_enchanted_jewellery,
          chequers_big_river, hangedman_glass_teeth, solitary_fountain,
          hangedman_abyss_or_decor_lesser_grid, uniq_menkaure, uniq_pikel,
          uniq_prince_ribbit1
Temple:   chequers_temple_sunken

Skill      XL: |  1  2  3  4  5  6  7  8 |
---------------+-------------------------+-----
Axes           | 3 4 5 |  5.7
Fighting       | 4 5 |  5.3
Armour         | 4 5 |  5.3
Shields        | 5 6 |  6.4
Invocations    | 1 2 |  2.2

Action                     |  1- 3 |  4- 6 |  7- 9 || total
---------------------------+-------+-------+-------++-------
  Melee: War axe           |    66 |   172 |   105 ||   343
 Invoke: Heroism           |       |       |     1 ||     1
  Evoke: Wand              |       |     1 |     2 ||     3
    Use: Scroll            |       |       |    12 ||    12
 Armour: Scale mail        |     7 |       |       ||     7
         Chain mail        |    33 |    64 |       ||    97
         Plate armour      |       |    58 |    49 ||   107
  Dodge: Dodged            |    22 |    54 |    17 ||    93
  Block: Buckler           |    15 |    16 |       ||    31
         Tower shield      |       |   103 |    91 ||   194

Table legend: (Time is in decaauts)
 A = Elapsed time spent in this place.
 B = Non-inter-level travel time spent in this place.
 C = Inter-level travel time spent in this place.
 D = Time resting spent in this place.
 E = Time spent auto-exploring this place.
 F = Levels seen in this place.
 G = Mean time per level.
                   A        B        C        D        E       F      G
               +--------+--------+--------+--------+--------+-----+--------+
         Total |   3338 |   3106 |    232 |      2 |      0 |   7 |  476.9 |
       Dungeon |   3282 |   3074 |    208 |      2 |      0 |   6 |  547.0 |
        Temple |     56 |     32 |     24 |      0 |      0 |   1 |   56.0 |
               +--------+--------+--------+--------+--------+-----+--------+

Top non-repeatable levels by time:
     D:5: 773 daAuts
     D:2: 681 daAuts
     D:1: 664 daAuts
     D:4: 614 daAuts
     D:3: 546 daAuts
  Temple: 56 daAuts
     D:6: 1 daAuts
